 Dungeon Crawl Stone Soup version 0.25.1-2-g60ff931df9 (webtiles) character file.

Game seed: 7908185763815576922

42 pokeman the Magician (level 3, -2/20 HPs)
             Began as a Deep Elf Wizard on Oct 12, 2020.
             Slain by an adder (4 damage)
             ... on level 2 of the Dungeon.
             The game lasted 00:02:32 (1315 turns).

pokeman the Magician (Deep Elf Wizard)              Turns: 1315, Time: 00:02:33

Health: -2/20      AC:  7    Str:  4    XL:     3   Next: 35%
Magic:  0/11       EV: 13    Int: 23    God:
Gold:   61         SH:  0    Dex: 13    Spells: 11/12 levels left

rFire    . . .     SeeInvis .   l - -3 whip (curse)
rCold    . . .     Gourm    .   (no shield)
rNeg     . . .     Faith    .   a - +0 robe
rPois    .         Spirit   .   j - +0 helmet
rElec    .         Reflect  .   (no cloak)
rCorr    .         Harm     .   (no gloves)
MR       .....                  (no boots)
Stlth    ++........             (no amulet)
HPRegen  0.06/turn              m - +4 ring of protection
MPRegen  0.12/turn              (no ring)

@: lethally poisoned (-2 -> -4), very slightly contaminated
A: no striking features
a: no special abilities


You were on level 2 of the Dungeon.
You were not hungry.

You visited 1 branch of the dungeon, and saw 2 of its levels.

You collected 61 gold pieces.

Inventory:

Hand Weapons
 l - a cursed -3 whip (weapon)
Missiles
 i - 16 bolts
Armour
 a - a +0 robe (worn)
 j - a +0 helmet (worn)
Jewellery
 m - a +4 ring of protection (left hand)
Scrolls
 e - a scroll of enchant weapon {unknown}
 f - 3 scrolls of identify {unknown}
 h - a scroll of teleportation {unknown}
 o - a scroll of enchant armour {unknown}
Potions
 b - a potion of lignification {unknown}
 g - a potion of berserk rage {unknown}
 k - a potion of stabbing {unknown}
 n - a potion of magic {unknown}
Comestibles
 c - 8 chunks of flesh
 d - 4 rations


   Skills:
 + Level 0.9 Fighting
 + Level 0.8 Armour
 - Level 2.4 Dodging
 - Level 2.4 Stealth
 * Level 5.2 Spellcasting
 + Level 1.8 Conjurations
   Level 1.1 Summonings
   Level 1.1 Translocations


You had 11 spell levels left.
You knew the following spells:

 Your Spells              Type           Power        Failure   Level  Hunger
a - Magic Dart            Conj           ##..         4%          1    None

Your spell library contained the following spells:

 Spells                   Type           Power        Failure   Level  Hunger
 Blink                    Tloc           N/A          9%          2    None
 Call Imp                 Summ           ##......     9%          2    None
 Slow                     Hex            #.......     14%         2    None
 Conjure Flame            Conj/Fire      ##......     19%         3    ##.....
 Mephitic Cloud           Conj/Pois/Air  #.......     22%         3    ##.....


Dungeon Overview and Level Annotations

Branches:
Dungeon (2/15)

Altars:
Yredelemnul


Message History

Aim: an adder (heavily wounded)
The magic dart hits the adder.
The adder is heavily wounded.
* * * LOW HITPOINT WARNING * * *
You feel sick. The adder completely misses you. The adder closely misses you.
* * * LOW HITPOINT WARNING * * *
You feel sick. The adder bites you but does no damage.
* * * LOW HITPOINT WARNING * * *
You feel sick. The adder bites you.
* * * LOW HITPOINT WARNING * * *
Casting: Magic Dart (safe; 4% risk of failure)
Confirm with . or Enter, or press ? or * to list all spells.
Aiming: Magic Dart (safe; 4% risk of failure)
Press: ? - help, Shift-Dir - straight line, f/p - adder
Aim: an adder (heavily wounded)
The magic dart hits the adder but does no damage.
The adder is heavily wounded.
The adder bites you.
You die...

#.# #.# #.# #.# #.#
#######.###
........K.#
######.#S# #.#@#
#K#.# #####.#.#
#.(†..#.#
##.###(#####.#
..........###.#.##
..................
#.###.####.#######(
#..............


You could see an adder and a kobold.

Vanquished Creatures
  2 adders (D:2)
  A leopard gecko (D:2)
  3 ball pythons
  3 goblins
  4 hobgoblins
  2 bats
  A frilled lizard (D:2)
  4 kobolds
  2 rats
22 creatures vanquished.

Notes
Turn   | Place    | Note
-------+----------+-------------------------------------------
     0 | D:1      | pokeman the Deep Elf Wizard began the quest for the Orb.
     0 | D:1      | Reached XP level 1. HP: 10/10 MP: 7/7
   425 | D:1      | Reached XP level 2. HP: 15/15 MP: 7/9
  1190 | D:2      | Found a basalt altar of Yredelemnul.
  1236 | D:2      | Reached skill level 5 in Spellcasting
  1284 | D:2      | Reached XP level 3. HP: 20/20 MP: 7/11
  1315 | D:2      | Slain by an adder

Illustrated notes

Levels and vault maps discovered:
D:1:      dpeg_arrival_simpleton_a, layout_basic
D:2:      layout_basic, makhleb_blood_cavern_becter, overflow_temple_1_default,
          first_ration, yredelemnul_altar_generic

Skill      XL: |  1  2 |
---------------+-------+-----
Spellcasting   | 5 |  5.2
Fighting       | |  0.9
Armour         | |  0.8
Dodging        | |  2.4
Stealth        | |  2.4
Conjurations   | |  1.8
Summonings     | |  1.1
Translocations | |  1.1

Action                   || total
-------------------------++-------
Melee: Whip              ||     8
 Cast: Magic Dart        ||    51
  Eat: Chunk             ||     1
Armor: Robe              ||     5
Dodge: Dodged            ||    16
